 Dungeon Crawl Stone Soup version 0.31.0 (webtiles) character file.

Game seed: 12990706460856664665

591 qw the Skirmisher (level 7, -3/43 HPs)
             Began as a Gargoyle Hunter on Jan 19, 2024.
             Killed from afar by Dowan (12 damage)
             ... with a shard of ice
             ... on level 4 of the Dungeon.
             The game lasted 00:00:17 (3000 turns).

qw the Skirmisher (Gargoyle Hunter)                 Turns: 3000, Time: 00:00:17

Health: -3/43      AC: 12    Str: 15    XL:     7   Next: 39%
Magic:  7/7        EV: 11    Int:  9    God:
Gold:   133        SH:  0    Dex: 15    Spells: 6/6 levels left

rFire   + . .        a - +1 shortbow
rCold   . . .        (shield currently unavailable)
rNeg    + . .        i - +0 ring mail
rPois   inf          b - +1 helmet
rElec   +            (no cloak)
rCorr   .            (no gloves)
SInv    .            (no boots)
Will    .....        (no amulet)
Stlth   +            h - ring of protection from fire
HPRegen 0.27/turn    (no ring)
MPRegen 0.10/turn

%: no passive effects
@: no status effects
A: sickness immunity, AC +4, negative energy resistance 1, electricity
resistance, torment resistance 1, petrification resistance
a: no special abilities


You were on level 4 of the Dungeon.
You visited 1 branch of the dungeon, and saw 4 of its levels.

You collected 133 gold pieces.


Innate Abilities, Weirdness & Mutations

You are immune to sickness and miasma.
Your stone body is resilient. (AC +4)
You are immune to poison.
You resist negative energy. (rN+)
You are resistant to electric shocks. (rElec)
You are resistant to unholy torment.
You are immune to petrification.


   Skills:
 + Level 4.2 Fighting
 - Level 8.0 Ranged Weapons
 - Level 1.0 Armour
 - Level 1.5 Dodging
 - Level 1.1 Stealth


You had 6 spell levels left.
You didn't know any spells.
Your spell library was empty.

Inventory:

Hand Weapons
 a - a +1 shortbow (weapon)
Armour
 b - a +1 helmet (worn)
 i - a +0 ring mail (worn)
Jewellery
 h - a ring of protection from fire (left hand)
Scrolls
 f - a scroll of teleportation
Potions
 c - a potion of might
 g - 3 potions of curing
 j - a potion of haste {unknown}

Dungeon Overview and Level Annotations

Branches:
Dungeon (4/15)
 Temple: D:4-7

Altars:

Annotations:
D:2 Terence
D:4 Dowan


Message History

There is a stone staircase leading up here.
Dowan is nearby!
You shoot an arrow. The arrow hits Dowan.
Dowan is lightly wounded.
You shoot an arrow. The arrow misses Dowan.
Dowan gestures at you while chanting. The shard of ice hits you!
You shoot an arrow. The arrow barely misses Dowan.
Dowan says, "How can I live without her?"
You shoot an arrow. The arrow hits Dowan.
Dowan is moderately wounded.
You shoot an arrow. The arrow hits Dowan.
Dowan is heavily wounded.
Dowan hits you with a +0 dagger. x2
You shoot an arrow. The hound barks!
The arrow hits Dowan but does no damage.
Dowan is heavily wounded.
Dowan says, "How can I live without her?"
Dowan hits you but does no damage. x2
You shoot an arrow. The arrow closely misses Dowan.
Dowan misses you.
You shoot an arrow.
The arrow hits Dowan but does no damage.
Dowan is heavily wounded.
Dowan hits you but does no damage. Dowan completely misses you.
You shoot an arrow. The arrow hits Dowan!
Dowan is almost dead.
Dowan mumbles some strange words.
Dowan blinks!
The hound bites you. The hound bites you but does no damage.
You shoot an arrow. The arrow hits the hound!
The hound is heavily wounded.
The hound closely misses you.
You shoot an arrow. The arrow hits the hound.
The hound is heavily wounded.
Dowan gestures at you while chanting. The stone arrow hits you!
The hound closely misses you. The hound bites you.
Dowan points at you and mumbles some strange words.
The shard of ice hits you!
You die...

..########......# #.........###..
................###..............
............................###.
...............####.........#
.......<......####..........###..
.....#%..|....###................
.....>........##..#.........#####
..............##h###..)....##
..............#.@##.....).##
......###.#..............##
......###.#.#............#
............#<..e........#
..........##.............#
.....[##....[###...#.....#
......##.................#
...................##....#
..........#.#.......######


You could see Dowan (fast) and a hound.

Vanquished Creatures
  Duvessa (D:4)
  A black bear (D:4)
  A phantom (D:3)
  2 bombardier beetles (D:4)
  A hound (D:4)
  An orc priest (D:2)
  2 iguanas (D:4)
  An orc wizard (D:3)
  2 adders
  4 dart slugs
  5 ribbon worms
  8 orcs
  8 endoplasms
  3 giant cockroaches
  6 goblins
  6 hobgoblins
  3 kobolds
  5 quokkas
  7 ball pythons
  7 bats
  3 frilled lizards
  10 rats
87 creatures vanquished.

Notes
Turn   | Place    | Note
-------+----------+-------------------------------------------
     0 | D:1      | qw the Gargoyle Hunter began the quest for the Orb.
     0 | D:1      | Reached XP level 1. HP: 12/12 MP: 1/1
     0 | D:1      | 0 ||| qw: Version: 0.3-a-132-g3d54051
     0 | D:1      | 0 ||| qw: Game counter: 73
     0 | D:1      | 0 ||| qw: Melee chars always use a shield: true
     0 | D:1      | 0 ||| qw: God list: Okawaru
     0 | D:1      | 0 ||| qw: Allow faded altars: false
     0 | D:1      | 0 ||| qw: Do Orc after clearing Dungeon:15 true
     0 | D:1      | 0 ||| qw: Do second Lair branch before Depths: true
     0 | D:1      | 0 ||| qw: Lair rune preference: random
     0 | D:1      | 0 ||| qw: Goals: Normal
     0 | D:1      | 0 ||| PLANNING D:1-11
   130 | D:1      | Reached XP level 2. HP: 17/17 MP: 2/2
   448 | D:1      | Reached XP level 3. HP: 21/21 MP: 3/3
   522 | D:1      | Reached skill level 5 in Ranged Weapons
   748 | D:1      | 748 ||| UPGRADING to +0 ring mail.
   758 | D:1      | 758 ||| DROPPING +0 leather armour.
   759 | D:1      | 759 ||| READING scroll labelled ETOETYH NOICISY.
   860 | D:1      | 860 ||| READING scroll labelled TIBIRY FUCUOF.
   961 | D:1      | 961 ||| READING 2 scrolls labelled SIUWNIXUTO.
   964 | D:1      | 964 ||| READING scroll labelled ILAROK QOSEC.
   965 | D:1      | 965 ||| READING scroll labelled KOOGIFF TYSTIE.
   966 | D:1      | 966 ||| READING scroll labelled JISCHA SORAMEM.
   967 | D:1      | 967 ||| DROPPING scroll of butterflies.
  1107 | D:2      | Reached skill level 1 in Armour
  1747 | D:2      | 1747 ||| UPGRADING to +0 helmet.
  1752 | D:2      | 1752 ||| READING scroll labelled QUADILLUGH.
  1753 | D:2      | 1753 ||| READING scroll labelled KOZICK EXZE.
  1753 | D:2      | 1753 ||| ENCHANTING +0 shortbow.
  1773 | D:3      | 1773 ||| STAIRDANCE
  1778 | D:3      | 1778 ||| STAIRDANCE
  1783 | D:2      | 1783 ||| FLEEEEING.
  1789 | D:2      | 1789 ||| STAIRDANCE
  1852 | D:3      | 1852 ||| STAIRDANCE
  1862 | D:3      | 1862 ||| STAIRDANCE
  1909 | D:3      | 1909 ||| STAIRDANCE
  1914 | D:2      | Reached skill level 3 in Fighting
  1914 | D:2      | Reached XP level 4. HP: 28/28 MP: 4/4
  1917 | D:3      | 1917 ||| STAIRDANCE
  1927 | D:3      | Noticed a phantom
  1944 | D:3      | Killed a phantom
  1945 | D:3      | Reached XP level 5. HP: 24/32 MP: 5/5
  1953 | D:3      | 1953 ||| FLEEEEING.
  1956 | D:3      | 1956 ||| STAIRDANCE
  1969 | D:2      | Noticed Terence
  1970 | D:2      | 1970 ||| FLEEEEING.
  1971 | D:2      | 1971 ||| STAIRDANCE
  2105 | D:3      | Reached skill level 6 in Ranged Weapons
  2429 | D:3      | 2429 ||| READING scroll labelled SEPLEMISO.
  2430 | D:3      | 2430 ||| READING scroll labelled YCO BUGUOTZUHAG.
  2431 | D:3      | 2431 ||| READING 2 scrolls labelled UDWAED NUT QUD.
  2431 | D:3      | 2431 ||| IDENTIFYING glowing yellow potion
  2432 | D:3      | 2432 ||| READING scroll of identify.
  2432 | D:3      | 2432 ||| IDENTIFYING lumpy yellow potion
  2433 | D:3      | 2433 ||| READING scroll labelled QEISKUE QEBB.
  2433 | D:3      | 2433 ||| ENCHANTING +0 helmet.
  2434 | D:3      | 2434 ||| DRINKING 3 sedimented orange potions.
  2438 | D:4      | 2438 ||| PLANNING SEWER
  2447 | D:4      | Reached XP level 6. HP: 28/38 MP: 6/6
  2447 | D:4      | 2447 ||| STAIRDANCE
  2450 | D:3      | 2450 ||| FLEEEEING.
  2661 | D:4      | Reached skill level 7 in Ranged Weapons
  2661 | D:4      | 2661 ||| FLEEEEING.
  2726 | D:4      | Noticed a black bear
  2727 | D:4      | 2727 ||| ZAPPING wand of acid (7) at -1,4 (black bear;
                  | floor).
  2728 | D:4      | 2728 ||| ZAPPING wand of acid (6) at -1,3 (black bear;
                  | floor).
  2729 | D:4      | 2729 ||| ZAPPING wand of acid (5) at -1,2 (black bear;
                  | floor).
  2729 | D:4      | Killed a black bear
  2730 | D:4      | Reached XP level 7. HP: 43/43 MP: 7/7
  2815 | D:4      | Noticed Dowan
  2817 | D:4      | Noticed Duvessa
  2825 | D:4      | 2825 ||| ZAPPING wand of acid (4) at 1,1 (Duvessa; floor).
  2826 | D:4      | 2826 ||| ZAPPING wand of acid (3) at 1,1 (Duvessa; floor).
  2827 | D:4      | 2827 ||| ZAPPING wand of acid (2) at 1,1 (Duvessa; floor).
  2828 | D:4      | 2828 ||| ZAPPING wand of acid (1) at 1,1 (Duvessa; floor).
  2829 | D:4      | Killed Duvessa
  2829 | D:4      | HP: 9/43 [Dowan/+0 dagger (5)]
  2830 | D:4      | Reached skill level 8 in Ranged Weapons
  2830 | D:4      | 2830 ||| READING 2 scrolls of teleportation.
  2831 | D:4      | 2831 ||| DRINKING potion of heal wounds.
  2832 | D:4      | 2832 ||| FLEEEEING.
  2833 | D:4      | 2833 ||| FLEEEEING.
  2835 | D:4      | 2835 ||| FLEEEEING.
  2836 | D:4      | 2836 ||| FLEEEEING.
  2837 | D:4      | 2837 ||| FLEEEEING.
  2838 | D:4      | 2838 ||| STAIRDANCE
  2888 | D:3      | 2888 ||| UPGRADING to ring of protection from fire.
  2889 | D:3      | 2889 ||| READING scroll of identify.
  2889 | D:3      | 2889 ||| IDENTIFYING sedimented brown potion
  2890 | D:3      | 2890 ||| DROPPING potion of magic.
  2912 | D:4      | 2912 ||| STAIRDANCE
  2914 | D:3      | 2914 ||| FLEEEEING.
  3000 | D:4      | HP: 9/43 [hound (4)]
  3000 | D:4      | Killed from afar by Dowan

Levels and vault maps discovered:
D:1:      elethiomel_arrival_maze, layout_loops_ring
D:2:      layout_basic, serial_curves, eino_curves_01, eino_curves_01,
          eino_curves_02, uniq_terence
D:3:      layout_rooms, serial_bayou_pond_d, dk_noncrumbling_2
D:4:      layout_rooms, cheibrodos_sewer_entry_bend, minmay_manual_maat,
          uniq_duvessa

Skill      XL: |  1  2  3  4  5  6  7 |
---------------+----------------------+-----
Ranged Weapons | 5 6 7 8 |  8.0
Armour         | 1 |  1.0
Fighting       | 3 4 |  4.2
Dodging        | |  1.5
Stealth        | |  1.1

Action                     |  1- 3 |  4- 6 |  7- 9 || total
---------------------------+-------+-------+-------++-------
   Fire: Shortbow          |   112 |   119 |    46 ||   277
  Evoke: Wand              |       |     3 |     4 ||     7
    Use: Scroll            |     8 |     5 |     2 ||    15
         Potion            |       |     1 |     1 ||     2
 Armour: Leather armour    |    12 |       |       ||    12
         Ring mail         |    15 |    59 |    31 ||   105
  Dodge: Dodged            |    29 |    52 |    13 ||    94

Table legend:
 A = Non-vault XP
 B = Vault XP
 C = Vault XP percentage of total XP
 D = Non-vault monster count
 E = Vault monster count
 F = Vault count percentage of total count
                 A         B        C        D         E       F
            +---------+---------+-------+---------+---------+-------
      Total |     651 |     194 |  23.0 |      81 |       5 |   5.8
            +---------+---------+-------+---------+---------+-------
        D:1 |      43 |       0 |   0.0 |      24 |       0 |   0.0
        D:2 |      79 |       0 |   0.0 |      20 |       0 |   0.0
        D:3 |     195 |       0 |   0.0 |      22 |       0 |   0.0
        D:4 |     334 |     194 |  36.7 |      15 |       5 |  25.0
            +---------+---------+-------+---------+---------+-------
